 Dungeon Crawl Stone Soup version 0.27.1-33-g824d729ab1 (webtiles) character file.

Game seed: 16512531413685172586

833 zeram the Chopper (level 7, 0/57 HPs)
             Began as a Hill Orc Fighter on Dec 16, 2021.
             Was an Initiate of Gozag.
             Slain by Grinder (1 damage)
             ... while paralysed by Grinder
             ... on level 6 of the Dungeon.
             The game lasted 00:08:53 (5536 turns).

zeram the Chopper (Hill Orc Fighter)                Turns: 5536, Time: 00:08:54

Health: 0/57       AC: 12    Str: 19    XL:     7   Next: 98%
Magic:  16/16      EV:  2    Int: 10    God:    Gozag
Gold:   181        SH:  0    Dex: 10    Spells: 6/6 levels left

rFire    . . .     SeeInvis .   p - +0 broad axe (flame)
rCold    . . .     Faith    .   c - +0 kite shield
rNeg     . . .     Spirit   .   b - +0 scale mail
rPois    .         Reflect  .   (no helmet)
rElec    .         Harm     .   f - +2 cloak
rCorr    .         Rampage  .   (no gloves)
Will     .....                  l - +0 pair of boots
Stlth    ..........             (no amulet)
HPRegen  0.19/turn              e - ring of magical power
MPRegen  0.15/turn              (no ring)

@: paralysed
A: no striking features
a: Renounce Religion, Potion Petition, Call Merchant, Bribe Branch


You were on level 6 of the Dungeon.
You worshipped Gozag.
Gozag was aware of your devotion.
You visited 2 branches of the dungeon, and saw 7 of its levels.

You collected 270 gold pieces.
You paid 89 gold pieces to Gozag.

Inventory:

Hand Weapons
 a - a +0 war axe
 j - a +3 hand axe
 p - a +0 broad axe of flaming (weapon)
Armour
 b - a +0 scale mail (worn)
 c - a +0 kite shield (worn)
 d - a +0 robe
 f - a +2 cloak (worn)
 g - a +0 cloak
 l - a +0 pair of boots (worn)
Jewellery
 e - a ring of magical power (left hand)
 m - an amulet of faith
Wands
 n - a wand of acid (11)
Potions
 o - a potion of brilliance


   Skills:
 - Level 3.6 Fighting
 + Level 6.7 Axes
 + Level 5.5 Armour
 + Level 1.7 Dodging
 + Level 5.3 Shields
 * Level 3.6 Summonings


You had 6 spell levels left.
You didn't know any spells.
Your spell library contained the following spells:

 Spells                   Type           Power      Damage    Failure   Level
 Ensorcelled Hibernation  Hex/Ice        0%         N/A       99%         2
 Spider Form              Tmut/Pois      0%         N/A       100%        3
 Animate Armour           Summ/Erth      6%         N/A       100%        4
 Blade Hands              Tmut           0%         N/A       100%        5
 Iron Shot                Conj/Erth      0%         9d1       100%        6
 Shadow Creatures         Summ           N/A        N/A       100%        6


Dungeon Overview and Level Annotations

Branches:
Dungeon (6/15)             Temple (1/1) D:5

Altars:
Cheibriados
Elyvilon
Gozag
Hepliaklqana
Kikubaaqudgha
Okawaru
Qazlal
Sif Muna
Trog
Vehumet
Wu Jian
Xom
Yredelemnul
Zin
The Shining One

Shops:
D:1 !   D:6 ?

Annotations:
D:5 3 runed translucent doors, Adrian566's ghost, novice TrMo; Duder's ghost, novice MiBe; styxcanada's ghost, novice SpBr; walnutcon's ghost, novice DsTm
D:6 Grinder; Maggie


Message History

You flicker back into view.
You hit the bullfrog zombie. You burn the bullfrog zombie.
The bullfrog zombie is lightly damaged.
The bullfrog zombie hits you but does no damage.
You're too confused to move!
The bullfrog zombie barely misses you. The bullfrog zombie hits you.
* * * LOW HITPOINT WARNING * * *
You closely miss the bullfrog zombie.
The bullfrog zombie is lightly damaged.
You feel less confused.
The bullfrog zombie hits you but does no damage. x2
You slash the bullfrog zombie! You burn the bullfrog zombie.
The bullfrog zombie is heavily damaged.
The bullfrog zombie closely misses you.
You slash the bullfrog zombie! You burn the bullfrog zombie.
The bullfrog zombie is almost destroyed.
You block the bullfrog zombie's attack. The bullfrog zombie barely misses you.
You slash the bullfrog zombie! You burn the bullfrog zombie.
You destroy the bullfrog zombie!
Your magical contamination has completely faded away.
An ogre comes into view. It is wielding a +0 giant club.
The ogre shouts!
You see here 5 gold pieces.
As you read the scroll of teleportation, it crumbles to dust.
You feel strangely unstable.
Your surroundings suddenly seem different.
Grinder closely misses you.
You aren't carrying any scrolls.
Okay, then.
Grinder gestures at you.
You suddenly lose the ability to move!
Grinder says, "I used to sell toenails on the black market."
Grinder hits you but does no damage. The white imp gestures at you.
The puff of frost hits you but does no damage.
Maggie hits you but does no damage. Grinder hits you!
* * * LOW HITPOINT WARNING * * *
You writhe in agony.
You die...
Your body crumbles into a pile of gold.

#.........##
....##+#+#.....#
#...##.#.#.....#
#...##...#.....#
###...##...#+#+#.##
#.........>.......#
#.......$.........#
#.................#
#..@...5$.........#
#..5@..o..........#
#.................#
#.......o.........#
#.........o.......#
#.................
#################


You could see Maggie, Grinder, an orc warrior, a white imp and 2 orcs.

Vanquished Creatures
  Sigmund (D:3)
  Edmund (D:5)
  An ogre (D:4)
  2 scorpions
  A water moccasin skeleton (D:5)
  A jelly (D:5)
  A bullfrog zombie (D:6)
  A bullfrog skeleton (D:4)
  Crazy Yiuf (D:3)
  A killer bee zombie (D:6)
  4 gnolls (D:3)
  4 adders
  4 worms
  7 orcs
  5 bats
  7 endoplasms
  3 giant cockroaches
  4 goblins
  13 hobgoblins
  7 jackals
  8 kobolds
  4 quokkas
  5 ball pythons
  2 frilled lizards
  6 rats
94 creatures vanquished.

Vanquished Creatures (collateral kills)
  A hobgoblin (D:3)
1 creature vanquished.

Vanquished Creatures (others)
  2 withered plants (D:5)
2 creatures vanquished.

Grand Total: 97 creatures vanquished

Notes
Turn   | Place    | Note
-------+----------+-------------------------------------------
     0 | D:1      | zeram the Hill Orc Fighter began the quest for the Orb.
     0 | D:1      | Reached XP level 1. HP: 19/19 MP: 1/1
    84 | D:1      | Reached XP level 2. HP: 21/26 MP: 2/2
   206 | D:1      | Found Pesaxkoi's Distillery.
   261 | D:1      | Reached skill level 3 in Axes
   535 | D:1      | Reached XP level 3. HP: 31/31 MP: 3/3
   595 | D:1      | Found a faded altar of an unknown god.
   898 | D:2      | Reached skill level 1 in Summonings
  1177 | D:2      | You fall into a shaft and drop 1 floor!
  1260 | D:3      | Reached XP level 4. HP: 33/39 MP: 4/4
  1356 | D:3      | Noticed Sigmund
  1452 | D:3      | Killed Sigmund
  1453 | D:3      | Reached skill level 4 in Axes
  1453 | D:3      | Reached skill level 1 in Dodging
  1453 | D:3      | Reached XP level 5. HP: 20/45 MP: 5/5
  1693 | D:3      | Reached XP level 6. HP: 51/51 MP: 6/6
  1782 | D:3      | Reached skill level 5 in Axes
  2033 | D:3      | Found a runed translucent door.
  2034 | D:3      | Noticed Crazy Yiuf
  2540 | D:3      | Killed Crazy Yiuf
  3019 | D:4      | Reached skill level 6 in Axes
  3019 | D:4      | Reached XP level 7. HP: 26/57 MP: 7/7
  3377 | D:4      | Found a glowing golden altar of the Shining One.
  3926 | D:5      | Entered Level 5 of the Dungeon
  4437 | D:5      | Reached skill level 5 in Armour
  4437 | D:5      | Reached skill level 5 in Shields
  4455 | D:5      | Noticed Edmund
  4488 | D:5      | Killed Edmund
  4489 | D:5      | Found a runed translucent gate.
  4489 | D:5      | Found a runed translucent gate.
  4489 | D:5      | Found a runed translucent gate.
  4714 | D:5      | Noticed Adrian566's ghost (novice TrMo)
  4715 | D:5      | Noticed styxcanada's ghost (novice SpBr)
  4717 | D:5      | Noticed walnutcon's ghost (novice DsTm)
  4717 | D:5      | Noticed Duder's ghost (novice MiBe)
  4766 | D:5      | Found a staircase to the Ecumenical Temple.
  4927 | Temple   | Entered the Ecumenical Temple
  5021 | Temple   | Became a worshipper of Gozag Ym Sagoz the Greedy
  5478 | D:6      | Found Wesekhyth's Magic Scroll Shop.
  5501 | D:6      | Noticed Grinder
  5501 | D:6      | Noticed Maggie
  5533 | D:6      | Paralysed by Grinder for 5 turns
  5536 | D:6      | HP: 1/57 [Grinder (8)]
  5536 | D:6      | Slain by Grinder

Illustrated notes

Levels and vault maps discovered:
D:1:      dpeg_arrival_oval, layout_rooms, serial_shops,
          nicolae_shop_window_shopping, shapermc_ecumenical_altar_mp_vishouse,
          minmay_misc_feat_columns
D:2:      layout_rooms, basic_altar, kennysheep_doodads
D:3:      layout_basic, minmay_joined_circles, uniq_crazy_yiuf_cottage,
          uniq_sigmund
D:4:      layout_cave_pods, tso_metal_star
D:5:      layout_loops_ring, temple_green, gammafunk_ghost_cemetery,
          supply_closet_lemuel, uniq_edmund
D:6:      minmay_spotlight, layout_basic, nicolae_overflow_quartered_altars,
          serial_shops, nicolae_shop_waterfront, chequers_serial_rivers_micro_d,
          uniq_duvessa, uniq_grinder, uniq_maggie
Temple:   nicolae_temple_great_sept

Skill      XL: |  1  2  3  4  5  6  7 |
---------------+----------------------+-----
Axes           | 3 4 6 |  6.7
Summonings     | 1 2 3 |  3.6
Shields        | 4 5 |  5.3
Armour         | 4 5 |  5.5
Dodging        | 1 |  1.7
Fighting       | |  3.6

Action                   |  1- 3 |  4- 6 |  7- 9 || total
-------------------------+-------+-------+-------++-------
Melee: War axe           |   107 |     6 |       ||   113
       Hand axe          |       |   143 |   100 ||   243
       Broad axe         |       |       |    22 ||    22
  Use: Potion            |     1 |     5 |     3 ||     9
       Scroll            |     1 |     5 |     6 ||    12
 Stab: Invisible         |       |       |     3 ||     3
Armor: Scale mail        |    66 |    62 |    55 ||   183
Dodge: Dodged            |    46 |    43 |    30 ||   119
Block: Kite shield       |    65 |    59 |    54 ||   178
